 Dungeon Crawl Stone Soup version 0.22.1-1-ga44c0e5 (webtiles) character file.

304 whitewolfNL the Slasher (level 6, -8/53 HPs)
             Began as a Minotaur Berserker on Oct 8, 2018.
             Was a Believer of Trog.
             Killed from afar by Ijyb (10 damage)
             ... with a wand of flame (29)
             ... on level 4 of the Dungeon.
             The game lasted 00:19:56 (3329 turns).

whitewolfNL the Slasher (Minotaur Berserker)        Turns: 3329, Time: 00:19:57

Health: -8/53      AC:  9    Str: 22    XL:     6   Next: 15%
Magic:  5/5        EV:  9    Int:  4    God:    Trog [**....]
Gold:   157        SH:  0    Dex: 11    Spells: 5/5 levels left

rFire    x . .     SeeInvis .   s - +0 spear (curse)
rCold    + . .     Gourm    .   (no shield)
rNeg     . . .     Faith    .   d - +0 chain mail
rPois    .         Spirit   .   (helmet restricted)
rElec    .         Reflect  .   (no cloak)
rCorr    +         Harm     .   (no gloves)
MR       .....                  (no boots)
Stlth    ..........             (no amulet)
HPRegen  0.17/turn              l - ring of resist corrosion
MPRegen  0.09/turn              k - ring of ice

@: no status effects
A: retaliatory headbutt, horns 2
a: Berserk, Trog's Hand, Renounce Religion


You were on level 4 of the Dungeon.
You worshipped Trog.
Trog was pleased with you.
You were not hungry.

You visited 1 branch of the dungeon, and saw 4 of its levels.

You collected 157 gold pieces.

Inventory:

Hand Weapons
 h - a +1 great sword of holy wrath
 s - a cursed +0 spear (weapon)
Missiles
 b - 61 stones (quivered)
 m - 19 sling bullets
 n - 50 arrows
 p - 8 javelins
Armour
 d - a +0 chain mail (worn)
Jewellery
 k - a ring of ice (right hand)
 l - a ring of resist corrosion (left hand)
Scrolls
 a - a scroll of noise {unknown}
 f - a scroll of enchant armour {unknown}
 j - a scroll of enchant weapon {unknown}
 q - 2 scrolls of immolation {unknown}
 v - 3 scrolls of blinking {unknown}
Potions
 e - a potion of haste {unknown}
 g - a potion of mutation {unknown}
 o - a potion of curing
 r - a potion of heal wounds {unknown}
 t - a potion of brilliance {unknown}
Comestibles
 c - 5 rations
 u - 4 chunks of flesh


   Skills:
 + Level 4.3 Fighting
 * Level 5.9 Long Blades
 + Level 0.6 Polearms
 * Level 4.8 Armour
 + Level 2.8 Dodging
 * Level 1.3 Stealth


You had 5 spell levels left.
You didn't know any spells.
Your spell library contained the following spells:

 Spells                   Type           Power        Failure   Level  Hunger
 Corona                   Hex            #......      99%         1    ##.....
 Ensorcelled Hibernation  Hex/Ice        #.....       100%        2    ###....
 Confuse                  Hex            #.......     100%        3    ####...
 Dazzling Spray           Conj/Hex       #.....       100%        3    ####...
 Tukima's Dance           Hex            #.......     100%        3    ####...


Dungeon Overview and Level Annotations

Branches:
Dungeon (4/15)
 Temple: D:4-7

Altars:
Uskayaw
Vehumet

Annotations:
D:4 exclusion: statue, Ijyb


Innate Abilities, Weirdness & Mutations

You reflexively headbutt those who attack you in melee.
You have a pair of horns on your head.


Message History

The ogre shouts!
Ijyb the Twisted Goblin comes into view.
She is wielding a dagger.
Found a stone staircase leading down.
Ijyb shouts!
The ogre closely misses you.
You barely miss the ogre. The ogre completely misses you.
You puncture the ogre! Your headbutt misses the ogre.
The ogre is moderately wounded.
The ogre hits you with a giant club!!
Ouch! That really hurt!
* * * LOW HITPOINT WARNING * * *
Unknown command.
You feel more attuned to ice.
k - a ring of ice (right hand) Ijyb hits you but does no damage.
As you read the scroll of fog, it crumbles to dust.
The scroll dissolves into smoke.
The ogre barely misses you. Ijyb barely misses you.
Ijyb zaps a wand.
The puff of flame hits you! The fire burns you terribly!
You die...

#..# . ######..# .
.......)# . ###########.#
_ #.......# #.# .
#.......# #.# 8 #.......#
#.#
###########.......###.###
.....§O§@§§..............
.>...§g§§§§..............
....#######.......#######
... #.......# . #.......#
#########


You could see an ogre and Ijyb.

Vanquished Creatures
  An ogre (D:4)
  A hound (D:4)
  An orc wizard (D:3)
  4 gnolls (D:3)
  5 adders
  3 worms
  4 dart slugs
  A leopard gecko (D:3)
  6 orcs (D:3)
  3 ball pythons
  8 bats
  3 giant cockroaches
  A goblin (D:1)
  3 hobgoblins
  2 jackals (D:4)
  5 kobolds
  4 quokkas
  3 frilled lizards
  6 rats
64 creatures vanquished.

Notes
Turn   | Place    | Note
-------+----------+-------------------------------------------
     0 | D:1      | whitewolfNL the Minotaur Berserker began the quest for the
                  | Orb.
     0 | D:1      | Reached XP level 1. HP: 19/19 MP: 0/0
   495 | D:1      | Reached skill level 4 in Long Blades
   495 | D:1      | Reached XP level 2. HP: 27/27 MP: 1/1
  1216 | D:2      | Reached XP level 3. HP: 29/33 MP: 2/2
  1999 | D:2      | Found a hide-covered altar of Uskayaw.
  2115 | D:3      | Reached ** piety under Trog
  2117 | D:3      | Reached XP level 4. HP: 40/40 MP: 3/3
  2118 | D:3      | Reached skill level 5 in Long Blades
  2508 | D:3      | Reached XP level 5. HP: 17/46 MP: 4/4
  3148 | D:4      | Reached skill level 1 in Stealth
  3201 | D:4      | Noticed an ogre
  3216 | D:4      | Found a radiant altar of Vehumet.
  3216 | D:4      | Noticed a charred statue
  3301 | D:4      | Killed an ogre
  3301 | D:4      | Reached XP level 6. HP: 24/53 MP: 5/5
  3323 | D:4      | Noticed Ijyb
  3326 | D:4      | HP: 1/53 [ogre/giant club (27)]
  3329 | D:4      | Killed from afar by Ijyb

Skill      XL: |  1  2  3  4  5 |
---------------+----------------+-----
Long Blades    | 4 5 |  5.9
Fighting       | 4 |  4.3
Armour         | 3 4 |  4.8
Stealth        | 1 |  1.3
Polearms       | |  0.6
Dodging        | |  2.8

Action                   |  1- 3 |  4- 6 || total
-------------------------+-------+-------++-------
Melee: Falchion          |    30 |       ||    30
       Headbutt          |    14 |    13 ||    27
       Great sword       |    36 |     9 ||    45
       Spear             |       |    68 ||    68
Invok: Berserk           |     2 |     1 ||     3
  Use: Scroll            |     3 |     2 ||     5
  Eat: Chunk             |     4 |     4 ||     8
       Ration            |       |     1 ||     1
Armor: Chain mail        |    41 |    71 ||   112
Dodge: Dodged            |    45 |    49 ||    94
       Rpst.: Falchion   |     5 |       ||     5
       Great sword       |     8 |     2 ||    10
